 Dungeon Crawl Stone Soup version 0.29-a0-892-g2c4c91d9db (webtiles) character file.

Game seed: 4171685563587298834

18 nicolae the Insei (level 2, 0/27 HPs)
             Began as an Octopode Transmuter on July 22, 2022.
             Succumbed to an adder's poison
             ... on level 2 of the Dungeon.
             The game lasted 00:01:12 (1070 turns).

nicolae the Insei (Octopode Transmuter)             Turns: 1070, Time: 00:01:13

Health: 0/27       AC: 21    Str:  9    XL:     2   Next: 70%
Magic:  2/5        EV:  2    Int: 15    God:
Gold:   44         SH:  0    Dex: 12    Spells: 2/5 levels left

rFire   . . .      SeeInvis .     - Unarmed
rCold   . . .      Faith    .   (no shield)
rNeg    . . .      Spirit   .   (helmet currently unavailable)
rPois   +          Reflect  .   (no amulet)
rElec   .          Harm     .   (no ring)
rCorr   .          Rampage  .   (no ring)
Will    .....      NoTele   +   (no ring)
Stlth   +.........              (no ring)
HPRegen 0.09/turn               (no ring)
MPRegen 0.09/turn               (no ring)
                                (no ring)
                                (no ring)

@: lethally poisoned (0 -> -7), tree-form, wereblooded
A: stationary, stasis, torment immunity, boosted hp, almost no armour,
(amphibious), 8 rings, (camouflage 1), (gelatinous body 1), (nimble swimmer 1),
(tentacles)
a: no special abilities


You were on level 2 of the Dungeon.
You were a tree.
You visited 1 branch of the dungeon, and saw 2 of its levels.

You collected 44 gold pieces.

Inventory:

Scrolls
 b - 2 scrolls of noise {unknown}


   Skills:
 - Level 1.2 Fighting
 - Level 2.1 Dodging
 - Level 3.1 Unarmed Combat
 - Level 2.1 Spellcasting
 + Level 2.7 Transmutations


You had 2 spell levels left.
You knew the following spells:

 Your Spells              Type           Power      Damage    Failure   Level
a - Beastly Appendage     Tmut           18%        N/A       8%          1
b - Wereblood             Tmut           9%         N/A       11%         2

Your spell library contained the following spells:

 Spells                   Type           Power      Damage    Failure   Level
 Spider Form              Tmut/Pois      5%         N/A       36%         3
 Ice Form                 Ice/Tmut       5%         N/A       77%         4


Dungeon Overview and Level Annotations

Branches:
Dungeon (2/15)

Altars:

Shops:
D:1 (


Innate Abilities, Weirdness & Mutations

You are a tree.
Your roots penetrate the ground, keeping you stationary.
You cannot be teleported.
You are immune to unholy pain and torment.
Your maximum health is greatly increased.
You cannot wear most types of armour.
((You are amphibious.))
You can wear up to eight rings at the same time.
((Your skin changes colour to match your surroundings (Stealth+).))
((Your rubbery body absorbs attacks. (AC +1, EV +1)))
((You are camouflaged when in or above water. (Stealth+)))
((You have tentacles for arms and can constrict up to eight enemies at once.))


Message History

You barely miss the hobgoblin. You grab the hobgoblin.
You pierce the hobgoblin.
You squeeze the hobgoblin.
You kill the hobgoblin!
The bat hits you but does no damage.
You miss the bat. You grab the bat. You constrict the bat.
The bat hits you but does no damage.
The bat escapes!
The adder misses you.
You tentacle-slap the adder. Your grab misses the adder.
Your tentacle spike misses the adder.
You squeeze the adder.
The adder is heavily wounded.
The bat closely misses you. The adder completely misses you.
You miss the adder. Your grab misses the adder.
The adder is heavily wounded.
The bat hits you. The bat closely misses you. The adder bites you. x2
You miss the adder. Your grab misses the adder.
The adder is heavily wounded.
The bat hits you. The adder bites you.
You are poisoned.
The adder poisons you! The adder closely misses you.
You closely miss the adder. You grab the adder. Your squeeze misses the adder.
The adder is heavily wounded.
You constrict the adder, but do no damage.
You feel sick. The bat barely misses you. The adder barely misses you.
The adder misses you. The bat barely misses you.
You are too injured to fight recklessly!
You are too injured to fight recklessly!
You are too injured to fight recklessly!
Unknown command.
You tentacle-slap the bat.
You feel a bit better.
You kill the bat!
You constrict the adder.
You feel sick. The adder bites you.
You are lethally poisoned!
The adder poisons you! The adder misses you. The rat bites you.
* * * LOW HITPOINT WARNING * * *
The adder bites you.
* * * LOW HITPOINT WARNING * * *
Really quaff the potion of lignification?
Your tentacle spike disappears.
You turn into a tree.
Your roots penetrate the ground.
You lose your grip on the adder.
You die...

## .. ##.
###### .. .....
.#####.##...#
............##.
...............
#..†♣S#
#..Sr.....#
#.....#.###
#..#..# #
........
..#..#..#.
..... ...#.
....# #... .


You could see 2 adders and a rat.

Vanquished Creatures
  5 bats
  An endoplasm (D:1)
  A giant cockroach (D:1)
  A goblin (D:1)
  2 hobgoblins
  A quokka (D:1)
  A ball python (D:1)
  3 frilled lizards (D:1)
  2 kobolds (D:1)
  2 rats (D:1)
19 creatures vanquished.

Notes
Turn   | Place    | Note
-------+----------+-------------------------------------------
     0 | D:1      | nicolae the Octopode Transmuter began the quest for the
                  | Orb.
     0 | D:1      | Reached XP level 1. HP: 13/13 MP: 3/3
   268 | D:1      | Reached XP level 2. HP: 17/18 MP: 3/5
   275 | D:1      | Learned a level 2 spell: Wereblood
   882 | D:1      | Found Bistodam's Weapon Shoppe.
  1070 | D:2      | Succumbed to an adder's poison

Illustrated notes

Levels and vault maps discovered:
D:1:      minmay_arrival_radiant_lines, layout_basic, serial_glass,
          glass_columns_b, glass_columns_c, feat_on_display, serial_shops,
          nicolae_shop_crystal, solitary_fountain
D:2:      layout_basic, minmay_crystal_water

Action                   || total
-------------------------++-------
Melee: Unarmed           ||    43
       Kick              ||    10
       Constrict         ||    14
       Tentacles         ||     7
       Punch             ||     2
 Cast: Beastly Appendage ||    10
       Wereblood         ||     1
  Use: Potion            ||     1
 Stab: Sleeping          ||     7
Armor: Skin              ||     4
Dodge: Dodged            ||    28

Table legend: (Time is in decaauts)
 A = Elapsed time spent in this place.
 B = Non-inter-level travel time spent in this place.
 C = Inter-level travel time spent in this place.
 D = Time resting spent in this place.
 E = Time spent auto-exploring this place.
 F = Levels seen in this place.
 G = Mean time per level.
                   A        B        C        D        E       F      G
               +--------+--------+--------+--------+--------+-----+--------+
         Total |   1066 |   1029 |     37 |      0 |    896 |   2 |  533.0 |
       Dungeon |   1066 |   1029 |     37 |      0 |    896 |   2 |  533.0 |
               +--------+--------+--------+--------+--------+-----+--------+

Top non-repeatable levels by time:
     D:1: 1057 daAuts
     D:2: 9 daAuts
